 Dungeon Crawl Stone Soup version 0.28-a0-704-g4d584c6bc1 (webtiles) character file.

Game seed: 5228900105023570544

196 Conn the Sneak (level 5, 0/33 HPs)
             Began as an Octopode Fire Elementalist on Oct 24, 2021.
             Succumbed to Terence's poison
             ... on level 3 of the Dungeon.
             The game lasted 00:05:35 (2514 turns).

Conn the Sneak (Octopode Fire Elementalist)         Turns: 2514, Time: 00:05:35

Health: 0/33       AC:  1    Str:  7    XL:     5   Next: 74%
Magic:  10/10      EV: 13    Int: 19    God:
Gold:   103        SH:  0    Dex: 12    Spells: 3/10 levels left

rFire   + . .      SeeInvis .   e - +1 dagger (venom)
rCold   + . .      Faith    .   (no shield)
rNeg    . . .      Spirit   .   (helmet restricted)
rPois   +          Reflect  .   (no amulet)
rElec   +          Harm     .   (no ring)
rCorr   +          Rampage  .   (no ring)
Will    .....                   (no ring)
Stlth   +++.......              (no ring)
HPRegen 0.11/turn               (no ring)
MPRegen 0.12/turn               (no ring)
                                (no ring)
                                (no ring)

@: lethally poisoned (0 -> -1), resistant
A: almost no armour, amphibious, 8 rings, camouflage 1, gelatinous body 1,
(nimble swimmer 1), tentacles
a: no special abilities


You were on level 3 of the Dungeon.
You visited 1 branch of the dungeon, and saw 3 of its levels.

You collected 103 gold pieces.

Inventory:

Hand Weapons
 e - a +1 dagger of venom (weapon)
Wands
 i - a wand of iceblast (12)
Scrolls
 b - 3 scrolls of identify {unknown}
 c - a scroll of teleportation {unknown}
 g - a scroll of magic mapping {unknown}
 h - a scroll of acquirement {unknown}
Potions
 f - a potion of resistance


   Skills:
 + Level 1.2 Fighting
 + Level 2.1 Dodging
 + Level 3.9 Stealth
 + Level 1.0 Unarmed Combat
 + Level 3.3 Spellcasting
 + Level 2.5 Conjurations
 + Level 3.6 Fire Magic


You had 3 spell levels left.
You knew the following spells:

 Your Spells              Type           Power      Damage    Failure   Level
a - Foxfire               Conj/Fire      56%        2x1d6     4%          1
b - Conjure Flame         Conj/Fire      14%        6-21      12%         3
c - Inner Flame           Hex/Fire       10%        N/A       21%         3

Your spell library contained the following spells:

 Spells                   Type           Power      Damage    Failure   Level
 Scorch                   Fire           34%        2d6       4%          2
 Flame Wave               Conj/Fire      14%        3d5       38%         4


Dungeon Overview and Level Annotations

Branches:
Dungeon (3/15)

Altars:

Annotations:
D:3 Terence


Innate Abilities, Weirdness & Mutations

You cannot wear most types of armour.
You are amphibious.
You can wear up to eight rings at the same time.
Your skin changes colour to match your surroundings (Stealth+).
Your rubbery body absorbs attacks. (AC +1, EV +1)
((You are camouflaged near water. (Stealth+)))
You have tentacles for arms and can constrict up to eight enemies at once.


Message History

Confirm with . or Enter, or press ? or * to list all spells.
You conjure some foxfire!
The foxfire hits the endoplasm.
The endoplasm is severely wounded.
The endoplasm quivers.
Unknown command.
Casting: Foxfire (safe; 4% risk of failure)
Confirm with . or Enter, or press ? or * to list all spells.
You conjure some foxfire!
The foxfire hits the endoplasm.
You kill the endoplasm!
Unknown command.
Your foxfire dissipates! x2
Your foxfire dissipates!
Your foxfire dissipates!
Your magical contamination has completely faded away.
Terence the Incautious comes into view.
He is wielding a +2 trident of venom.
Terence shouts!
Found a viscous cyan potion.
Terence hits you from afar with a +2 trident of venom!
You are lethally poisoned!
You feel very sick.
You feel very sick.
You feel very sick.
* * * LOW HITPOINT WARNING * * *
You feel sick.
* * * LOW HITPOINT WARNING * * *
You feel sick.
* * * LOW HITPOINT WARNING * * *
You feel sick.
* * * LOW HITPOINT WARNING * * *
You feel sick.
* * * LOW HITPOINT WARNING * * *
You feel sick.
* * * LOW HITPOINT WARNING * * *
You feel sick.
* * * LOW HITPOINT WARNING * * *
You feel sick.
Okay, then.
It was a potion of resistance.
You feel protected.
You die...

#!....####### #.....#
............# #.....#
#.....#####.### #.....#
#.... ..#...# #.....# ####
#.#...# #.....# #.#...#
#.....# #.#...# #####.....#
###.###.#.#####.........###
..........@................
...###.#.#####........####
........#.# #........####
#########.# #............
..# #............ ###
#............
##################....
###.........########....
...................#....


There were no monsters in sight!

Vanquished Creatures
  An orc priest (D:3)
  Crazy Yiuf (D:3)
  An orc wizard (D:3)
  3 gnolls (D:2)
  4 adders
  A dart slug (D:3)
  6 orcs (D:3)
  2 ball pythons
  6 bats (D:1)
  2 endoplasms
  3 giant cockroaches (D:1)
  4 goblins
  6 frilled lizards
  2 kobolds (D:3)
  5 rats
47 creatures vanquished.

Vanquished Creatures (others)
  154 foxfires
154 creatures vanquished.

Grand Total: 201 creatures vanquished

Notes
Turn   | Place    | Note
-------+----------+-------------------------------------------
     0 | D:1      | Conn the Octopode Fire Elementalist began the quest for the
                  | Orb.
     0 | D:1      | Reached XP level 1. HP: 11/11 MP: 3/3
   334 | D:1      | Reached XP level 2. HP: 17/17 MP: 1/5
  1183 | D:2      | Reached XP level 3. HP: 21/21 MP: 2/6
  1407 | D:2      | Reached XP level 4. HP: 27/27 MP: 1/7
  1483 | D:2      | Found a faded altar of an unknown god.
  1607 | D:2      | Reached skill level 1 in Unarmed Combat
  1861 | D:3      | Found a runed translucent door.
  1862 | D:3      | Noticed Crazy Yiuf
  1878 | D:3      | Learned a level 3 spell: Conjure Flame
  1882 | D:3      | Learned a level 3 spell: Inner Flame
  1910 | D:3      | Killed Crazy Yiuf
  1911 | D:3      | Reached XP level 5. HP: 30/31 MP: 2/9
  2018 | D:3      | Reached skill level 1 in Fighting
  2500 | D:3      | Noticed Terence
  2513 | D:3      | HP: 1/33 [poisoned by Terence]
  2514 | D:3      | Succumbed to Terence's poison

Illustrated notes

Levels and vault maps discovered:
D:1:      nzn_arrival_depleted_hourglass, layout_rooms,
          kennysheep_pointless_box, minmay_misc_feat_x
D:2:      layout_basic, basic_ecumenical_altar
D:3:      layout_basic, uniq_jessica, uniq_terence, uniq_crazy_yiuf_cottage

Skill      XL: |  1  2  3  4  5 |
---------------+----------------+-----
Stealth        | 3 |  3.9
Unarmed Combat | 1 |  1.0
Conjurations   | 2 |  2.5
Spellcasting   | 3 |  3.3
Fighting       | 1 |  1.2
Dodging        | |  2.1
Fire Magic     | |  3.6

Action                   |  1- 3 |  4- 6 || total
-------------------------+-------+-------++-------
Melee: Unarmed           |    11 |       ||    11
       Tentacles         |     3 |     1 ||     4
       Constrict         |     2 |       ||     2
       Dagger            |     3 |     6 ||     9
 Cast: Foxfire           |    42 |    49 ||    91
       Conjure Flame     |       |     1 ||     1
Evoke: Wand              |       |     1 ||     1
  Use: Potion            |       |     3 ||     3
 Stab: Sleeping          |     4 |     1 ||     5
Armor: Skin              |     4 |     3 ||     7
Dodge: Dodged            |    13 |     2 ||    15

Table legend: (Time is in decaauts)
 A = Elapsed time spent in this place.
 B = Non-inter-level travel time spent in this place.
 C = Inter-level travel time spent in this place.
 D = Time resting spent in this place.
 E = Time spent auto-exploring this place.
 F = Levels seen in this place.
 G = Mean time per level.
                   A        B        C        D        E       F      G
               +--------+--------+--------+--------+--------+-----+--------+
         Total |   2513 |   2467 |     46 |     74 |   1926 |   3 |  837.7 |
       Dungeon |   2513 |   2467 |     46 |     74 |   1926 |   3 |  837.7 |
               +--------+--------+--------+--------+--------+-----+--------+

Top non-repeatable levels by time:
     D:1: 1130 daAuts
     D:3: 792 daAuts
     D:2: 589 daAuts
